[Event "Team 45 45 League T43"]
[Site "Internet Chess Club"]
[Date "2009.11.29"]
[Round "5"]
[White "PANAMA-REY"]
[Black "Ernie1"]
[Result "0-1"]
[WhiteElo "1433"]
[BlackElo "1607"]
[Opening "Caro-Kann defense"]
[ECO "B10"]
[Time "13:02:42"]
[TimeControl "2700+45"]

1. e4 c6 2. Nf3 d5 3. exd5 cxd5 4. d4 Nf6 5. h3 Nc6 6. Nc3 Bf5 7. a3 e6 8. Bg5
Be7 9. Bd3 Bxd3 10. Qxd3 O-O 11. O-O Nd7 12. Be3 Bf6 13. Rfd1 Nb6 14. b3 Qc7 15.
Nb5 Qe7 16. Bf4 e5 17. dxe5 Nxe5 18. Nxe5 Bxe5 19. Re1 f6 20. Nd4 Qf7 21. Qe3
Rae8 22. Nf5 Bxa1 23. Qd2 Rxe1+ 24. Qxe1 Be5 25. Bh6 Re8 26. Qd1 Qg6 27. g4 gxh6
28. Qd2 Kh8 29. Nxh6 Rc8 30. Nf5 Qg5 31. Qb4 Qc1+ 32. Kg2 Qxc2 33. Qe7 Qe4+ 34.
f3 Rc2+ {White resigns} 0-1

[Event "Team 45 45 League T43"]
[Site "Internet Chess Club"]
[Date "2009.11.29"]
[Round "5"]
[White "MikeA"]
[Black "betto2506"]
[Result "1-0"]
[WhiteElo "1553"]
[BlackElo "1434"]
[Opening "Sicilian: Alapin's variation (2.c3)"]
[ECO "B22"]
[Time "11:00:17"]
[TimeControl "2700+45"]

1. e4 c5 2. c3 Nc6 3. Nf3 e6 4. d4 cxd4 5. cxd4 d5 6. e5 Bb4+ 7. Nc3 Nge7 8. Bd3
Qb6 9. a3 Bxc3+ 10. bxc3 Qa5 11. Qc2 Ng6 12. O-O Nce7 13. Re1 O-O 14. Bg5 Qc7
15. h4 h6 16. Bd2 Nf5 17. h5 Ngh4 18. Qd1 Nxf3+ 19. Qxf3 Qc6 20. g4 Ne7 21. g5
Nf5 22. gxh6 Nxh6 23. Bxh6 gxh6 24. Qf6 Qc7 25. Kh2 Re8 26. Rg1+ Kf8 27. Bh7
{Black resigns} 1-0

[Event "Team 45 45 League T43"]
[Site "Internet Chess Club"]
[Date "2009.11.29"]
[Round "5"]
[White "Campagnolo"]
[Black "SuperJEM"]
[Result "1/2-1/2"]
[WhiteElo "2084"]
[BlackElo "2182"]
[Opening "Réti opening"]
[ECO "A04"]
[Time "21:00:22"]
[TimeControl "2700+45"]

1. Nf3 g6 2. c4 Bg7 3. Nc3 c5 4. d4 cxd4 5. Nxd4 Nc6 6. Nc2 Nf6 7. e4 d6 8. Be2
O-O 9. O-O Bd7 10. Be3 a6 11. Rc1 Rc8 12. Qd2 Ne5 13. b3 Nfg4 14. Bf4 Nf6 15.
Be3 Nfg4 16. Bf4 Nf6 17. Be3 {Game drawn by repetition} 1/2-1/2

[Event "Team 45 45 League T43"]
[Site "Internet Chess Club"]
[Date "2009.11.30"]
[Round "5"]
[White "SuperPeon"]
[Black "Holm"]
[Result "0-1"]
[WhiteElo "2091"]
[BlackElo "1892"]
[Opening "Bishop's opening: Berlin defense"]
[ECO "C24"]
[Time "03:00:09"]
[TimeControl "2700+45"]

1. e4 e5 2. Bc4 Nf6 3. d3 Nc6 4. Nc3 Na5 5. Nf3 Nxc4 6. dxc4 d6 7. Qd3 Be6 8. h3
Be7 9. Be3 h6 10. O-O-O Qd7 11. Nd5 a6 12. Kb1 g5 13. c5 Nxd5 14. exd5 Bf5 15.
Qc3 f6 16. Nd2 dxc5 17. Bxc5 Bxc5 18. Qxc5 Qd6 19. Qxd6 cxd6 20. Nc4 Ke7 21. Ne3
Bg6 22. g4 Rac8 23. h4 b5 24. f3 Kf7 25. Rh2 Kg7 26. a3 a5 27. Ka2 gxh4 28. Rc1
h5 29. Rxh4 hxg4 30. Rxg4 Kf7 31. c4 f5 32. Rg5 f4 33. Rcg1 fxe3 34. Rxg6 Rcg8
35. Rxg8 Rxg8 36. Re1 bxc4 37. Rxe3 Rg3 38. b4 cxb3+ 39. Kxb3 Kf6 40. Ka4 Kf5
41. Kxa5 Kf4 42. Rc3 Rxf3 43. Kb4 Rxc3 44. Kxc3 Kf3 45. Kd2 Kf2 46. Kd3 Kf3 47.
Kd2 Ke4 48. Kc3 Kxd5 49. Kb4 Kd4 50. Kb3 e4 51. a4 Kc5 {White resigns} 0-1

[Event "Team 45 45 League T43"]
[Site "Internet Chess Club"]
[Date "2009.11.29"]
[Round "5"]
[White "Ehab"]
[Black "Budzo"]
[Result "1-0"]
[WhiteElo "1868"]
[BlackElo "1834"]
[Opening "French defense"]
[ECO "C00"]
[Time "10:30:30"]
[TimeControl "2700+45"]

1. e4 e6 2. Nf3 d5 3. exd5 exd5 4. d4 Nf6 5. Bd3 Bd6 6. O-O O-O 7. h3 h6 8. Be3
Be6 9. c3 Nbd7 10. Nbd2 c6 11. Rc1 Qc7 12. Bb1 Rfe8 13. Qc2 Nf8 14. Rfe1 Ng6 15.
Nf1 Re7 16. Qd2 Ne4 17. Qd1 Rae8 18. c4 Qb8 19. Bxe4 dxe4 20. N3h2 Bd7 21. Qh5
Bf4 22. Ng4 Bxg4 23. Qxg4 Bxe3 24. fxe3 Qc8 25. Qh5 Re6 26. Ng3 Qd8 27. Nf5 Ne7
28. Nxe7+ Qxe7 29. Rf1 Rg6 30. Rf5 Rg5 31. Rxg5 Qxg5 32. Qe2 Re6 33. Rf1 Qh4 34.
Rf4 Qe7 35. Qg4 Qg5 36. Qe2 Qe7 37. Qh5 Rf6 38. Qh4 Re6 39. Qg3 Rf6 40. Rg4 g6
41. Qb8+ Kg7 42. a3 a6 43. b4 Rd6 44. Qa7 Rd7 45. Rf4 Qe6 46. Qc5 Qe7 47. Qa7
Qe6 48. Qb8 Re7 49. Qd8 Rd7 50. Qc8 Rxd4 51. Qxe6 Rd1+ 52. Kf2 fxe6 53. Rxe4 Kf6
54. Rf4+ Ke7 55. Rd4 Ra1 56. Rd3 Ra2+ 57. Kf3 Rc2 58. c5 Rc4 59. Rb3 Rc2 60. g4
Ra2 61. e4 e5 62. Kg3 Rd2 63. h4 Rd4 64. Kf3 Ke6 65. Ke3 Ke7 66. g5 h5 67. a4
Ke6 68. Kf3 Rd2 69. b5 axb5 70. axb5 cxb5 71. Rxb5 Rd7 72. Rb6+ Kf7 73. Rf6+ Kg7
74. Re6 Rd3+ 75. Ke2 Rh3 76. Rxe5 Rxh4 77. Re7+ Kf8 78. Rxb7 Rxe4+ 79. Kf3 Re5
80. c6 Rf5+ 81. Ke4 Rc5 82. c7 Ke8 83. Kd4 Rc1 84. Ke5 Rc2 85. Ke6 Rc6+ 86. Kd5
Rc1 87. Ke5 Rc5+ 88. Kd6 Rc1 89. Rb8+ Kf7 90. c8=Q {Black resigns} 1-0

[Event "Team 45 45 League T43"]
[Site "Internet Chess Club"]
[Date "2009.11.28"]
[Round "5"]
[White "imgr8"]
[Black "f5"]
[Result "0-1"]
[WhiteElo "1961"]
[BlackElo "2167"]
[Opening "Vienna game"]
[ECO "C26"]
[Time "10:09:45"]
[TimeControl "2700+45"]

1. e4 e5 2. Nc3 Nf6 3. Bc4 Bc5 4. d3 d6 5. Bg5 Be6 6. Bxe6 fxe6 7. Qd2 O-O 8.
Nf3 Nc6 9. O-O-O a5 10. h4 Qe8 11. Rh3 Nh5 12. g4 Nf4 13. Bxf4 Rxf4 14. Rg1 Qf8
15. Rgg3 a4 16. a3 Nd4 17. Nxd4 exd4 18. Nd1 b5 19. g5 e5 20. Qe2 b4 21. axb4
Bxb4 22. c3 a3 23. bxa3 Bxa3+ 24. Kd2 dxc3+ 25. Ke1 Bb4 26. Kf1 Ra1 27. Kg2 Rxd1
{White resigns} 0-1

[Event "Team 45 45 League T43"]
[Site "Internet Chess Club"]
[Date "2009.11.30"]
[Round "5"]
[White "bgolev"]
[Black "snottgoblin"]
[Result "1-0"]
[WhiteElo "1840"]
[BlackElo "2012"]
[Opening "QGD semi-Slav: Stoltz variation"]
[ECO "D43"]
[Time "21:10:23"]
[TimeControl "2700+45"]

1. d4 d5 2. c4 c6 3. Nc3 Nf6 4. Nf3 e6 5. Qc2 Nbd7 6. e3 Bd6 7. Bd3 dxc4 8. Bxc4
b5 9. Bd3 a6 10. O-O O-O 11. e4 e5 12. Bg5 h6 13. Bh4 Qc7 14. Bg3 exd4 15. Nxd4
Bxg3 16. hxg3 Ne5 17. Be2 Rd8 18. Nf5 c5 19. Rad1 Be6 20. Ne3 Nc6 21. Ncd5 Bxd5
22. Nxd5 Nxd5 23. exd5 Nb4 24. Qb3 Qe7 25. Bf3 c4 26. d6 Qxd6 27. Qc3 Qc5 28.
Bxa8 Rxa8 29. a3 Nc6 30. Rfe1 a5 31. Rd7 Rb8 32. Qd2 b4 33. axb4 axb4 34. Qf4
Rf8 35. Rc7 Qb5 36. Re8 Qd5 37. Rxf8+ Kxf8 38. Qf3 Qxf3 39. gxf3 Ne5 40. Kg2 g5
41. f4 gxf4 42. gxf4 Nd3 43. Rxc4 Nxb2 44. Rxb4 Nd3 45. Rd4 Nc5 46. f3 Ne6 47.
Rb4 Kg7 48. Kg3 Kf6 49. Kg4 h5+ 50. Kxh5 Kf5 51. Kh4 Nxf4 52. Kg3 Ne2+ 53. Kf2
Nf4 54. Rb5+ Kf6 55. Ke3 Ng2+ 56. Ke4 Nh4 57. f4 Kg6 58. Rg5+ Kf6 59. Rg8 Ng6
60. Ra8 Ne7 61. Ra6+ Kg7 62. f5 Ng8 63. Ke5 Kh7 64. Ra7 Kg7 65. Ra6 Kh7 66. Ra8
Kg7 67. Ra1 Kh7 68. f6 Kg6 69. Rg1+ Kh7 70. Rg7+ Kh8 71. Rxf7 Nh6 72. Ra7 {Black
resigns} 1-0

[Event "Team 45 45 League T43"]
[Site "Internet Chess Club"]
[Date "2009.11.27"]
[Round "5"]
[White "Guoruey"]
[Black "Beddathanme"]
[Result "1-0"]
[WhiteElo "1965"]
[BlackElo "1848"]
[Opening "Sicilian defense"]
[ECO "B30"]
[Time "20:54:38"]
[TimeControl "2700+45"]

1. e4 c5 2. Nf3 Nc6 3. Nc3 g6 4. Bc4 Bg7 5. O-O d6 6. d3 Nf6 7. Bg5 O-O 8. h3 a6
9. a4 Be6 10. Nd5 Bxd5 11. exd5 Nb8 12. Re1 Nbd7 13. a5 Re8 14. Qd2 b5 15. axb6
Qxb6 16. Ra2 a5 17. Bh6 Bh8 18. Bb3 Ra7 19. Ra4 Nh5 20. g4 Nhf6 21. Qg5 Qc7 22.
d4 Nb6 23. dxc5 Nxa4 24. Bxa4 Rb8 25. cxd6 exd6 26. Bc6 Bg7 27. Bxg7 Kxg7 28.
Nd4 h6 29. Nf5+ Kh7 30. Qxh6+ {Black resigns} 1-0

[Event "Team 45 45 League T43"]
[Site "Internet Chess Club"]
[Date "2009.11.29"]
[Round "5"]
[White "room-matt"]
[Black "irock"]
[Result "1/2-1/2"]
[WhiteElo "1717"]
[BlackElo "1711"]
[Opening "Sicilian: accelerated fianchetto, Maróczy bind"]
[ECO "B36"]
[Time "13:08:51"]
[TimeControl "2700+45"]

1. e4 c5 2. Nf3 g6 3. d4 cxd4 4. Nxd4 Nc6 5. c4 Nf6 6. Nc3 d6 7. Be2 Nxd4 8.
Qxd4 Bg7 9. O-O O-O 10. Bg5 Be6 11. Qd2 Rc8 12. b3 Qd7 13. f4 Qc6 14. Bf3 Qc5+
15. Kh1 Rc7 16. h3 a6 17. Rfe1 b5 18. e5 dxe5 19. fxe5 Ne8 20. Nd5 Rd7 21. Qe3
Qxe3 22. Rxe3 f6 23. exf6 Nxf6 24. Rxe6 Nxd5 25. Bxd5 Rxd5 26. cxd5 Bxa1 27.
Bxe7 Rf5 28. d6 Rd5 29. Kh2 Kf7 {Game drawn by mutual agreement} 1/2-1/2

[Event "Team 45 45 League T43"]
[Site "Internet Chess Club"]
[Date "2009.11.29"]
[Round "5"]
[White "Gilguli"]
[Black "oldsj"]
[Result "0-1"]
[WhiteElo "1523"]
[BlackElo "1588"]
[Opening "KGD: Nimzovich counter-gambit"]
[ECO "C31"]
[Time "15:00:15"]
[TimeControl "2700+45"]

1. e4 e5 2. f4 d5 3. exd5 c6 4. Nf3 e4 5. Nd4 cxd5 6. Nc3 Nf6 7. Bb5+ Bd7 8. O-O
Bc5 9. Bxd7+ Qxd7 10. Ne2 Nc6 11. c3 O-O 12. d3 Rae8 13. dxe4 Rxe4 14. Kh1 Rfe8
15. Ng3 R4e7 16. f5 h6 17. Bf4 Nxd4 18. cxd4 Bd6 19. Bxd6 Qxd6 20. Rc1 Re3 21.
Qd2 h5 22. Rfe1 Rxe1+ 23. Rxe1 Rxe1+ 24. Qxe1 Qf4 25. Kg1 Qxd4+ 26. Qf2 Qd1+ 27.
Nf1 b6 28. Qd2 Qg4 29. Ne3 Qe4 30. Qf2 d4 31. Nc4 Qb1+ 32. Qf1 Qe4 33. Nd6 Qc6
34. Nb5 Qc5 35. Nxa7 d3+ 36. Kh1 d2 37. Nb5 Qc1 {White resigns} 0-1

[Event "Team 45 45 League T43"]
[Site "Internet Chess Club"]
[Date "2009.11.29"]
[Round "5"]
[White "badmove"]
[Black "IanT"]
[Result "1-0"]
[WhiteElo "1618"]
[BlackElo "1455"]
[Opening "Ruy Lopez: classical (Cordel) defense"]
[ECO "C64"]
[Time "08:00:38"]
[TimeControl "2700+45"]

1. e4 e5 2. Nf3 Nc6 3. Bb5 Bc5 4. Nxe5 Nxe5 5. d4 a6 6. Be2 Bb6 7. dxe5 Qh4 8.
O-O Qxe4 9. Bd3 Qc6 10. Qg4 Kf8 11. Qh4 Ne7 12. Nc3 d6 13. exd6 cxd6 14. Bg5 f6
15. Bxf6 gxf6 16. Qxf6+ Kg8 17. Qxe7 Bd7 18. Ne4 Bd4 19. Ng5 Rf8 20. Bxh7+ Rxh7
21. Qxh7# {Black checkmated} 1-0

[Event "Team 45 45 League T43"]
[Site "Internet Chess Club"]
[Date "2009.11.30"]
[Round "5"]
[White "GiulioCre"]
[Black "beerss"]
[Result "0-1"]
[WhiteElo "1234"]
[BlackElo "1349"]
[Opening "Queen's pawn game"]
[ECO "D05"]
[Time "15:02:28"]
[TimeControl "2700+45"]

1. d4 d5 2. Nf3 e6 3. e3 Nf6 4. Bd3 Ne4 5. Nbd2 Nxd2 6. Bxd2 Nd7 7. O-O Nf6 8.
c4 Be7 9. cxd5 exd5 10. Qa4+ c6 11. Qc2 h6 12. e4 dxe4 13. Bxe4 Nxe4 14. Qxe4
O-O 15. Rfe1 Re8 16. Bb4 Be6 17. Bxe7 Qxe7 18. a3 Qd8 19. b4 Qb6 20. Rac1 Bd5
21. Qg4 Bxf3 22. Qxf3 Rxe1+ 23. Rxe1 Qxd4 24. Qe2 Qc3 25. Qe3 Qf6 26. Qe7 Qc3
27. Qe3 Qxe3 28. Rxe3 Rb8 29. f4 f6 30. g4 Kf7 31. h4 Re8 32. Rxe8 Kxe8 33. Kf2
Ke7 34. Ke3 Kd6 35. Ke4 Ke6 36. Kd4 b6 37. f5+ Kd6 38. a4 c5+ 39. bxc5+ bxc5+
40. Kc4 a6 41. a5 Kc6 42. h5 Kd6 43. Kd3 Kd5 44. Ke3 Kc4 45. Kf4 Kd4 46. g5 Kd3
47. gxf6 gxf6 48. Kf3 c4 49. Kf4 c3 50. Kf3 c2 51. Kf2 c1=Q 52. Kg3 Ke3 53. Kg2
Qc6+ 54. Kg3 Qf3+ 55. Kh4 Qh1+ 56. Kg3 Qxh5 57. Kg2 Qxf5 58. Kg1 h5 59. Kg2 h4
60. Kg1 Qg4+ 61. Kf1 h3 62. Ke1 Qg1# {White checkmated} 0-1

[Event "Team 45 45 League T43"]
[Site "Internet Chess Club"]
[Date "2009.12.01"]
[Round "5"]
[White "chips"]
[Black "carambola"]
[Result "1-0"]
[WhiteElo "1195"]
[BlackElo "1214"]
[Opening "Polish (Sokolsky) opening"]
[ECO "A00"]
[Time "15:03:38"]
[TimeControl "2700+45"]

1. b4 e6 2. Bb2 a6 3. e4 Nf6 4. e5 Nd5 5. a3 c5 6. c4 Nf4 7. bxc5 Bxc5 8. d4 Bb6
9. g3 Ng6 10. Bg2 Nc6 11. Nf3 Na5 12. Nbd2 d6 13. exd6 Bd7 14. h4 Bc6 15. c5 Ba7
16. O-O b6 17. Qc1 b5 18. Nh2 Bxg2 19. Kxg2 Nxh4+ 20. gxh4 Qxh4 21. Qc3 Nc6 22.
Qf3 Qg5+ 23. Kh1 Rc8 24. Ne4 Qh6 25. Bc1 Qh4 26. Bg5 Nxd4 27. Bxh4 Nxf3 28. Nxf3
O-O 29. Rac1 f6 30. d7 Rcd8 31. c6 Bb6 32. Nd6 h6 33. Nb7 g5 34. Nxd8 Rxd8 35.
Bg3 e5 36. Rfd1 Bc7 37. Nd2 h5 38. Ne4 Kf7 39. Nc5 h4 40. Bh2 g4 41. Nxa6 g3 42.
fxg3 hxg3 43. Bxg3 Rh8+ 44. Kg2 Rh5 45. Nxc7 e4 46. d8=Q e3 47. Rd7+ Kg6 48.
Qg8+ Kf5 49. Rf1+ Ke4 50. Qe8+ Re5 51. Bxe5 fxe5 52. Qg6# {Black checkmated} 1-0

[Event "Team 45 45 League T43"]
[Site "Internet Chess Club"]
[Date "2009.11.27"]
[Round "5"]
[White "yemisco1"]
[Black "dscvdchk"]
[Result "1-0"]
[WhiteElo "1541"]
[BlackElo "1590"]
[Opening "Queen's pawn: Chigorin variation"]
[ECO "D00"]
[Time "09:06:40"]
[TimeControl "2700+45"]

1. d4 d5 2. Nc3 Nf6 3. g3 g6 4. Bg2 Bg7 5. Nf3 O-O 6. O-O c6 7. Bg5 Bf5 8. Re1
Nbd7 9. Bxf6 Nxf6 10. e3 Qd6 11. Ne5 Rad8 12. Ne2 Ne4 13. Nf3 Qb4 14. Qc1 Qa5
15. c3 Nd6 16. Nh4 Bg4 17. h3 Bc8 18. Kh2 Qc7 19. Rh1 e5 20. Qf1 e4 21. f4 Nc4
22. Qc1 Bf6 23. Bf1 Bxh4 24. gxh4 Nd6 25. Rg1 h5 26. b3 Kh7 27. Qe1 Qe7 28. Rg5
f6 29. Rg1 Nf5 30. Qf2 Rg8 31. Ng3 Nh6 32. Be2 Qe6 33. Qg2 Rg7 34. Nxh5 Rgg8 35.
Ng3 Qe7 36. Qf2 Rdf8 37. Raf1 Qd7 38. Qg2 Rg7 39. Rf2 Rfg8 40. c4 g5 41. hxg5
fxg5 42. f5 Nxf5 43. Rxf5 Qc7 44. Bg4 Bxf5 45. Bxf5+ Kh8 46. Rf1 Rf8 47. Qe2 g4
48. Bxg4 Rxf1 49. Qxf1 Rf7 50. Qe2 Qd6 51. Kg2 Qf6 52. Bf5 Qg5 53. Kh2 Rxf5 54.
Nxf5 Qxf5 55. h4 Kh7 56. Qg2 Qh5 57. Kh3 Qf5+ 58. Kg3 Kh6 59. cxd5 cxd5 60. Qe2
{Black forfeits on time} 1-0

[Event "Team 45 45 League T43"]
[Site "Internet Chess Club"]
[Date "2009.11.29"]
[Round "5"]
[White "g8wrb"]
[Black "reverendjim"]
[Result "1/2-1/2"]
[WhiteElo "1413"]
[BlackElo "1409"]
[Opening "QGD Slav defense"]
[ECO "D10"]
[Time "12:03:05"]
[TimeControl "2700+45"]

1. d4 d5 2. c4 c6 3. e3 Bf5 4. Nc3 e6 5. Nf3 Nd7 6. b3 Bb4 7. Bb2 Ne7 8. a3
Bxc3+ 9. Bxc3 O-O 10. g3 Rc8 11. Bd3 Nf6 12. Bxf5 Nxf5 13. Bb4 Re8 14. Qc2 Ne4
15. h4 c5 16. dxc5 Nxc5 17. g4 Nd6 18. O-O-O a5 19. Ng5 Nde4 20. Nxe4 Nxe4 21.
Be1 b5 22. Kb1 bxc4 23. f3 cxb3 24. Qd3 Nc5 25. Qb5 a4 26. Bb4 Nd7 27. Qxa4 Nb6
28. Qxb3 Nc4 29. g5 Rb8 30. e4 Qb6 31. Rd3 Nxa3+ 32. Qxa3 Qxb4+ 33. Qxb4 Rxb4+
34. Kc2 Rc8+ 35. Kd2 Rb2+ 36. Ke3 g6 37. exd5 exd5 38. Rxd5 Re8+ 39. Kf4 Rb4+
40. Kg3 Kg7 41. Rhd1 Rb3 42. R1d3 Re3 43. Rxe3 Rxe3 44. Kf4 Re1 45. Rd4 h6 46.
Re4 Rh1 47. Ke5 hxg5 48. hxg5 Ra1 49. Rd4 Ra5+ 50. Kf4 Rf5+ 51. Kg4 Ra5 52. f4
f5+ 53. gxf6+ Kxf6 54. Rd6+ Kf7 55. Rb6 Kg7 56. Rb8 Rf5 57. Re8 Kf7 58. Rh8 Kg7
{Game drawn by mutual agreement} 1/2-1/2

[Event "Team 45 45 League T43"]
[Site "Internet Chess Club"]
[Date "2009.11.29"]
[Round "5"]
[White "Aquaman"]
[Black "seldredg"]
[Result "1-0"]
[WhiteElo "1316"]
[BlackElo "1354"]
[Opening "Réti v Dutch"]
[ECO "A04"]
[Time "16:02:13"]
[TimeControl "2700+45"]

1. Nf3 f5 2. g3 Nf6 3. Bg2 e6 4. O-O Be7 5. c4 c6 6. d4 O-O 7. Nc3 Qe8 8. e3 d6
9. b4 Qg6 10. a3 Ne4 11. Bb2 Nxc3 12. Bxc3 Bf6 13. Rc1 Nd7 14. Re1 Nb6 15. Ba1
Bd7 16. a4 Rad8 17. a5 Nc8 18. Qc2 Rde8 19. Bc3 a6 20. Qd1 b6 21. Nd2 b5 22. Bf3
Qf7 23. Bh5 g6 24. Be2 c5 25. bxc5 dxc5 26. dxc5 Bxc3 27. Rxc3 b4 28. Rc1 Na7
29. Nb3 Bc6 30. Qd2 Rb8 31. Qb2 Qc7 32. Red1 Nc8 33. Nd4 Re8 34. Nb3 Na7 35. Rd6
Rbd8 36. Rdd1 e5 37. Bf1 e4 38. Qa2 Rxd1 39. Rxd1 Bd7 40. Be2 Nc6 41. h4 Ne5 42.
Rd6 Re6 43. Qd2 Nf3+ 44. Bxf3 Qc8 45. Be2 Re7 46. Qxb4 Qd8 47. Qb6 Qa8 48. Nd4
Kf7 49. Qxa6 Qb8 50. Qb6 Qc8 51. Rf6+ Kg7 52. Rd6 Rf7 53. h5 gxh5 54. Bxh5 Rf6
55. Rxf6 Kh8 56. Rh6 f4 57. Qf6+ Kg8 58. Qf7+ Kh8 59. Rxh7# {Black checkmated}
1-0

[Event "Team 45 45 League T43"]
[Site "Internet Chess Club"]
[Date "2009.11.30"]
[Round "5"]
[White "rgadoury"]
[Black "nozmov"]
[Result "1-0"]
[WhiteElo "1271"]
[BlackElo "1369"]
[Opening "French: exchange variation"]
[ECO "C01"]
[Time "19:00:23"]
[TimeControl "2700+45"]

1. e4 e6 2. d4 d5 3. exd5 exd5 4. Nf3 Bg4 5. Be2 Nf6 6. O-O Be7 7. Nc3 O-O 8.
Re1 Nbd7 9. Bg5 Bb4 10. Ne5 Bxe2 11. Rxe2 Bxc3 12. bxc3 Nb6 13. Ng4 Qd6 14. Bxf6
gxf6 15. Nh6+ Kh8 16. Nf5 Qf4 17. Qd3 Rae8 18. g3 Qg5 19. h4 Qh5 20. Re7 Rxe7
21. Nxe7 Re8 22. Re1 c6 23. Ng6+ Qxg6 24. Rxe8+ Kg7 25. Qxg6+ hxg6 26. Re7 Na4
27. Rxb7 Nxc3 28. Kg2 Nxa2 29. Rxa7 Nb4 30. Rc7 Nxc2 31. Rxc6 Nxd4 32. Rd6 Ne6
33. Rxd5 Kf8 34. Kf3 Ke7 35. g4 Nc7 36. Ra5 Ke6 37. h5 {Black resigns} 1-0

[Event "Team 45 45 League T43"]
[Site "Internet Chess Club"]
[Date "2009.11.29"]
[Round "5"]
[White "SCUGrad"]
[Black "tryanything"]
[Result "1/2-1/2"]
[WhiteElo "1381"]
[BlackElo "1598"]
[Opening "two knights defense: Fritz variation"]
[ECO "C57"]
[Time "03:24:51"]
[TimeControl "2700+45"]

1. e4 e5 2. Nf3 Nc6 3. Bc4 Nf6 4. Ng5 d5 5. exd5 Nd4 6. c3 b5 7. cxd4 bxc4 8.
dxe5 Nxd5 9. Ne4 Nb6 10. O-O Bb7 11. Nbc3 Be7 12. Re1 O-O 13. Qe2 a5 14. b3 Ba6
15. bxc4 Bxc4 16. Qf3 Nd5 17. Bb2 f5 18. exf6 Nxf6 19. Rad1 Nd5 20. Qg4 Rf4 21.
Qe6+ Rf7 22. Qc6 Nb6 23. Re3 Bd5 24. Nxd5 Qxd5 25. Qxd5 Nxd5 26. Rb3 a4 27. Rg3
a3 28. Be5 Nb4 29. Bxc7 Nxa2 30. Bd6 Bxd6 31. Nxd6 Rfa7 32. Ra1 Nb4 33. Nc4 a2
34. Rc3 Rb8 35. Rb3 Rab7 36. g3 Kf8 37. Kg2 Ke7 38. Ne3 g6 39. Nd1 Nc2 40. Rxb7+
Rxb7 41. Rxa2 Nd4 42. Ra4 Rd7 43. Rb4 Nc2 44. Re4+ Kf6 45. Re2 Nd4 46. Re4 Nc2
47. Rf4+ Kg7 48. Ne3 Rxd2 49. Nxc2 Rxc2 50. Kf3 Rc3+ {Game drawn by mutual
agreement} 1/2-1/2

[Event "Team 45 45 League T43"]
[Site "Internet Chess Club"]
[Date "2009.12.01"]
[Round "5"]
[White "smsxman"]
[Black "AlPearson"]
[Result "0-1"]
[WhiteElo "1423"]
[BlackElo "1406"]
[Opening "Alekhine's defense: Scandinavian variation"]
[ECO "B02"]
[Time "09:04:20"]
[TimeControl "2700+45"]

1. e4 Nf6 2. Nc3 d5 3. e5 d4 4. exf6 dxc3 5. bxc3 exf6 6. Nf3 Bd6 7. Be2 O-O 8.
O-O Nc6 9. d4 Bf5 10. a4 Qd7 11. Bb5 a6 12. Bxc6 Qxc6 13. Bd2 a5 14. Re1 Rfe8
15. Nh4 Be6 16. Qf3 Qxf3 17. Nxf3 Re7 18. Be3 Rae8 19. Nd2 b6 20. c4 Bb4 21. c5
bxc5 22. dxc5 Bf5 23. Rac1 Bd7 24. Rf1 Bxa4 25. c3 Bb5 26. cxb4 Bxf1 27. Nxf1
axb4 28. Rb1 Rb8 29. f3 c6 30. Bf4 Rb5 31. Bd6 Re2 32. Ng3 Ra2 33. Re1 h6 34.
Nf5 b3 35. Nd4 Rb7 36. Nxb3 Rxb3 37. Kf1 Rbb2 38. Bg3 g5 39. Re8+ Kg7 40. Re1
Kg6 41. Re8 f5 42. Rg8+ Kf6 43. Re8 f4 44. Be1 Rxg2 45. Bc3+ Kg6 46. Rg8+ Kh5
47. h3 Rgc2 48. Be1 Ra1 49. Re8 Rxc5 50. Ke2 Rc2+ 51. Kd3 Rh2 52. h4 g4 53. Re5+
Kg6 54. fxg4 f6 55. Re6 Ra6 56. Ke4 Re2+ {White resigns} 0-1

[Event "Team 45 45 League T43"]
[Site "Internet Chess Club"]
[Date "2009.11.30"]
[Round "5"]
[White "AtomicDog"]
[Black "DrOMM"]
[Result "0-1"]
[WhiteElo "1310"]
[BlackElo "1290"]
[Opening "Ruy Lopez: Berlin defense, Beverwijk variation"]
[ECO "C65"]
[Time "15:00:16"]
[TimeControl "2700+45"]

1. e4 e5 2. Nf3 Nc6 3. Bb5 Nf6 4. O-O Bc5 5. Re1 O-O 6. c3 Re8 7. d4 exd4 8.
Bxc6 dxc6 9. cxd4 Bb4 10. Bd2 Bxd2 11. Nbxd2 b6 12. Qb3 Bg4 13. Ng5 Qd7 14. Qc3
Rad8 15. Nb3 h6 16. e5 Nd5 17. Qg3 hxg5 18. f3 Bf5 19. Qxg5 Qe6 20. g4 Bh7 21.
f4 Qg6 22. Qxg6 Bxg6 23. f5 Bh7 24. Rac1 Ne7 25. Re2 Kf8 26. Rf1 Kg8 27. Rf3 a5
28. Re4 g6 29. f6 Nd5 30. e6 a4 31. exf7+ Kxf7 32. Rxe8 Rxe8 33. Nd2 Nxf6 34. g5
Re6 {White forfeits on time} 0-1

[Event "Team 45 45 League T43"]
[Site "Internet Chess Club"]
[Date "2009.11.30"]
[Round "5"]
[White "ars-felidae"]
[Black "Rubacchus"]
[Result "1-0"]
[WhiteElo "1319"]
[BlackElo "1233"]
[Opening "Philidor's defense"]
[ECO "C41"]
[Time "09:00:13"]
[TimeControl "2700+45"]

1. e4 e5 2. Nf3 d6 3. Bb5+ c6 4. Ba4 Bg4 5. Nc3 Qe7 6. Nd5 Qd7 7. Ne3 h5 8. h3
b5 9. Bb3 Bxf3 10. Qxf3 a5 11. a3 a4 12. Ba2 Nf6 13. O-O Na6 14. d3 Be7 15. Nf5
Rh7 16. Nxe7 Qxe7 17. Bg5 O-O-O 18. Qf5+ Kb7 19. Qxh7 Nxh7 20. Bxe7 Rd7 21. Bh4
g5 22. Bg3 Nc5 23. Rad1 Ne6 24. Bxe6 fxe6 25. d4 Rg7 26. dxe5 d5 27. exd5 cxd5
28. f4 g4 29. h4 Rf7 30. Rd3 Nf8 31. Rc3 Nd7 32. b4 Rf8 33. f5 Rxf5 34. Rxf5
exf5 35. e6 Nf6 36. e7 d4 37. Rc5 Ka6 38. Be5 Nd7 39. e8=Q Nxc5 40. bxc5 g3 41.
Qb8 b4 42. Qb6# {Black checkmated} 1-0

[Event "Team 45 45 League T43"]
[Site "Internet Chess Club"]
[Date "2009.11.30"]
[Round "5"]
[White "EyeAm"]
[Black "GadsHill"]
[Result "1-0"]
[WhiteElo "1603"]
[BlackElo "1530"]
[Opening "Philidor: Improved Hanham variation"]
[ECO "B07"]
[Time "18:00:55"]
[TimeControl "2700+45"]

1. e4 d6 2. d4 Nf6 3. Nc3 Nbd7 4. Nf3 e5 5. Bc4 Be7 6. O-O O-O 7. Re1 c6 8. h3
b5 9. Bd3 b4 10. Ne2 a5 11. c3 Ba6 12. Ng3 Qc7 13. Nf5 Nb6 14. Bxa6 Rxa6 15. Qd3
Raa8 16. Qe3 Rfe8 17. Qg5 Bf8 18. dxe5 dxe5 19. Nh6+ Kh8 20. Nxe5 Re7 21. Bf4
gxh6 22. Qxf6+ Bg7 23. Qxc6 Bxe5 24. Bxe5+ Qxe5 25. Qxb6 bxc3 26. bxc3 Qxc3 27.
Rac1 Qe5 28. Qxh6 Rae8 29. Qb6 Rb8 30. Qe3 Ree8 31. Rc5 {Black resigns} 1-0

[Event "Team 45 45 League T43"]
[Site "Internet Chess Club"]
[Date "2009.11.28"]
[Round "5"]
[White "sdcohle"]
[Black "chicopee-ed"]
[Result "0-1"]
[WhiteElo "1393"]
[BlackElo "1379"]
[Opening "Grünfeld: exchange variation"]
[ECO "D85"]
[Time "17:00:15"]
[TimeControl "2700+45"]

1. d4 Nf6 2. c4 g6 3. Nc3 d5 4. cxd5 Nxd5 5. Nxd5 Qxd5 6. Nf3 Bg7 7. e3 O-O 8.
Be2 Nd7 9. O-O c5 10. dxc5 Qxc5 11. Qb3 Nb6 12. Bd2 Be6 13. Bb4 Qc6 14. Qa3 Qa4
15. Qxa4 Nxa4 16. Bxe7 Rfc8 17. Nd4 Bxd4 18. exd4 Nb6 19. b3 Nd5 20. Bf3 Nxe7
21. Bxb7 Rab8 22. Bxc8 Rxc8 23. Rfc1 Rxc1+ 24. Rxc1 Nd5 25. Rc5 Kg7 26. Ra5 Kf6
27. Rxa7 Kg5 28. f3 Kf4 29. Kf2 h5 30. g3+ Kf5 31. h4 Kf6 32. f4 Kf5 33. a3 Ke4
34. Ke2 Nc3+ 35. Kd2 Nb5 36. Ra4 Nd6 37. Rb4 Nf5 38. Kc3 Nxg3 39. d5+ Kxd5 40.
Rd4+ Kc6 41. Kb4 Nf5 42. Re4 Nxh4 43. a4 Nf5 44. a5 Kb7 45. Kc3 Nd6 46. Re5 h4
47. b4 h3 48. Re1 Nb5+ 49. Kb2 Ka6 50. Kc2 Bd5 51. Re2 Nd4+ 52. Kd2 Nxe2 53.
Kxe2 h2 54. f5 h1=Q 55. fxg6 fxg6 56. Ke3 Qe4+ 57. Kd2 Qxb4+ 58. Ke3 Kxa5 59.
Kd3 Qe4+ 60. Kc3 g5 61. Kd2 g4 62. Kc3 g3 63. Kd2 g2 64. Kc3 g1=Q 65. Kb2 Qb4+
66. Kc2 Qb3+ 67. Kd2 Qg2+ 68. Kc1 Qgc2# {White checkmated} 0-1